 Dungeon Crawl Stone Soup version 0.32-a0-411-g744942f433 (webtiles) character file.

Game seed: 2829913550541776903

1201 cforsyth the Slasher (level 8, -2/64 HPs)
             Began as a Coglin Gladiator on Feb 20, 2024.
             Succumbed to a water moccasin's poison
             ... on level 5 of the Dungeon.
             The game lasted 00:08:34 (5608 turns).

cforsyth the Slasher (Coglin Gladiator)             Turns: 5608, Time: 00:08:34

Health: -2/64      AC:  5    Str: 16    XL:     8   Next: 44%
Magic:  8/8        EV: 14    Int:  7    God:
Gold:   282        SH:  5    Dex: 17    Spells: 7/7 levels left

rFire   . . .        a - +0 long sword {Urai}
rCold   . . .        g - +3 dagger {Hans}
rNeg    . . .        b - +0 leather armour
rPois   .            c - +0 helmet
rElec   .            y - +0 cloak
rCorr   .            (no gloves)
SInv    .            (no boots)
Will    .....        x - amulet of reflection
Stlth   +            (no ring)
HPRegen 0.30/turn    (no ring)
MPRegen 0.11/turn

%: reflection
@: lethally poisoned (-2 -> -10)
A: off-hand wielding, slow wielding, warmup strikes, legs shutdown
a: no special abilities


You were on level 5 of the Dungeon.
You visited 1 branch of the dungeon, and saw 6 of its levels.

You collected 282 gold pieces.


Innate Abilities, Weirdness & Mutations

You can wield a second weapon in your off-hand.
It takes a long time for you to wield or remove held weapons.
Your first few attacks do less damage.
Attacking and casting redirects power from your legs.


   Skills:
 + Level 6.0 Fighting
 + Level 6.3 Long Blades
 - Level 1.7 Throwing
 + Level 5.8 Dodging


You had 7 spell levels left.
You didn't know any spells.
Your spell library contained the following spells:

 Spells                   Type           Power      Damage    Failure   Level
 Sting                    Conj/Alch      0%         1d3       50%         1
 Ensorcelled Hibernation  Hex/Ice        0%         N/A       65%         2
 Mercury Vapours          Alch/Air       0%         N/A       65%         2
 Inner Flame              Hex/Fire       0%         N/A       86%         3
 Passwall                 Erth           0%         N/A       86%         3
 Swiftness                Air            0%         N/A       86%         3
 Flame Wave               Conj/Fire      0%         2d4       99%         4
 Olgreb's Toxic Radiance  Alch           0%         N/A       99%         4
 Sticky Flame             Fire/Alch      0%         2d4       99%         4

Inventory:

Hand Weapons
 a - a +0 long sword (weapon) {Urai}
 g - a +3 dagger (offhand) {Hans}
Missiles
 d - 3 throwing nets (quivered) {=f}
 e - 7 javelins
Armour
 b - a +0 leather armour (worn)
 c - a +0 helmet (worn)
 y - a +0 cloak (worn)
 E - a +0 pair of boots
Magical Staves
 p - a staff of fire {!a}
 D - a staff of air {!a}
Jewellery
 x - an amulet of reflection (around neck)
 F - a ring of fire
Wands
 u - a wand of flame (12)
 z - a wand of mindburst (11)
 C - a wand of paralysis (8)
Scrolls
 h - 4 scrolls of identify {unknown}
 i - 3 scrolls of immolation {unknown}
 j - 2 scrolls of poison {unknown}
 o - 2 scrolls of teleportation {unknown}
 r - 2 scrolls of blinking {unknown}
 t - a scroll of brand weapon {unknown}
 v - a scroll of vulnerability {unknown}
 A - 2 scrolls of enchant weapon {unknown}
Potions
 f - 3 potions of curing {unknown}
 k - a potion of enlightenment {unknown}
 l - a potion of invisibility {unknown}
 m - 3 potions of haste {@q3}
 n - 2 potions of might {unknown}
 q - 2 potions of lignification {unknown}
 s - a potion of heal wounds {@q2}
 w - a potion of mutation {unknown}
 B - a potion of ambrosia {unknown}

Dungeon Overview and Level Annotations

Branches:
Dungeon (6/15)             Temple (0/1) D:5

Altars:
Ashenzari
Hepliaklqana
Makhleb
Trog
Uskayaw
Vehumet
Xom
The Shining One

Annotations:
D:2 1 runed translucent door, Crazy Yiuf
D:3 2 transporters, DeathSocks's ghost, amateur MDFi
D:4 Dowan; Duvessa
D:5 2 transporters, aheadsounds's ghost, weakling FeDe
D:6 Prince Ribbit

#############.#######...######.
#....# #.......... #.####
#.....##### #.# #.....# # #.#
#.....# # #.# #.....# # #.#
#.....# #
#.##########.....#####
#...[@[...............
############..########
#.......... #.######### #.# #.#
#.# #.# #.#


There were no monsters in sight!


Message History

The water moccasin closely misses you.
Unknown command.
You feel sick.
The water moccasin attacks as it pursues you!
The water moccasin bites you.
* * * LOW HITPOINT WARNING * * *
The water moccasin bites you.
* * * LOW HITPOINT WARNING * * *
You are lethally poisoned!
The water moccasin poisons you!
Unknown command.
Aiming: Paralyse
Press: ? - help, Shift-Dir - straight line, f - water moccasin
Aim: a water moccasin (chance to affect: 49%)
The water moccasin suddenly stops moving!
* * * LOW HITPOINT WARNING * * *
You feel very sick.
You cannot move.
You are no longer unable to travel.
* * * LOW HITPOINT WARNING * * *
You feel very sick.
* * * LOW HITPOINT WARNING * * *
You feel very sick.
There is a stone staircase leading up, spattered with blood here.
* * * LOW HITPOINT WARNING * * *
You feel sick.
Prince Ribbit hits you but does no damage.
You climb upwards.
Level annotation: 2 transporters, aheadsounds's ghost, weakling FeDe You die...

Skill      XL: |  1  2  3  4  5  6  7  8 |
---------------+-------------------------+-----
Dodging        | 3 4 5 |  5.8
Fighting       | 4 5 6 |  6.0
Long Blades    | 4 5 6 |  6.3
Throwing       | |  1.7

Action                     |  1- 3 |  4- 6 |  7- 9 || total
---------------------------+-------+-------+-------++-------
  Melee: Long sword        |    43 |   100 |   143 ||   286
         Dagger            |    45 |    92 |   129 ||   266
  Evoke: Wand              |       |       |     1 ||     1
    Use: Potion            |       |       |     3 ||     3
   Stab: Sleeping          |     1 |     3 |     2 ||     6
 Armour: Leather armour    |    25 |    62 |    90 ||   177
  Dodge: Dodged            |    31 |    65 |    92 ||   188
  Block: Other             |       |       |    12 ||    12

Levels and vault maps discovered:
D:1:      lightli_arrival_chessboard, layout_basic, serial_bayou_ford_a,
          minmay_close_crescents
D:2:      layout_rooms, basic_altar, uniq_crazy_yiuf_cottage, uniq_sigmund
D:3:      layout_basic, lemuel_tele_altar, overflow_temple_1_default,
          gammafunk_ghost_arena
D:4:      layout_cave_pods, grunt_temple_overflow_lords_of_destruction,
          uniq_natasha, uniq_duvessa
D:5:      layout_basic, nicolae_hepliaklqana_hazy_memory,
          dancing_weapons_uskayaw, mainiacjoe_overflow_catwalk_spiral,
          minmay_temple_entry_gardened_gates, gammafunk_ghost_gnarly_gnolls
D:6:      minmay_flawed_box, layout_cave_pools, amcnicky_altar_gilded,
          minmay_misc_feat_pillars, uniq_prince_ribbit1, uniq_menkaure,
          uniq_edmund

Notes
Turn   | Place    | Note
-------+----------+-------------------------------------------
     0 | D:1      | cforsyth the Coglin Gladiator began the quest for the Orb.
     0 | D:1      | Reached XP level 1. HP: 16/16 MP: 1/1
    42 | D:1      | Reached XP level 2. HP: 22/22 MP: 2/2
    62 | D:1      | Reached skill level 3 in Dodging
   355 | D:1      | Reached XP level 3. HP: 28/28 MP: 3/3
   695 | D:2      | Reached XP level 4. HP: 23/34 MP: 4/4
   785 | D:2      | Reached skill level 3 in Fighting
   942 | D:2      | Noticed Sigmund
   956 | D:2      | Killed Sigmund
   957 | D:2      | Reached skill level 4 in Fighting
   957 | D:2      | Reached skill level 4 in Long Blades
   957 | D:2      | Reached skill level 4 in Dodging
   957 | D:2      | Reached XP level 5. HP: 22/42 MP: 5/5
   957 | D:2      | Reached XP level 6. HP: 25/48 MP: 6/6
  1184 | D:2      | Found a hazy altar of Hepliaklqana.
  1215 | D:2      | Identified the +7 hammer of the Lamprey {drain, rPois
                  | Str+6}
  1220 | D:2      | Found a runed translucent door.
  1233 | D:2      | Noticed Crazy Yiuf
  1659 | D:3      | Found a broken altar of Ashenzari.
  1671 | D:3      | Found a transporter.
  1671 | D:3      | Noticed DeathSocks's ghost (amateur MDFi)
  1860 | D:3      | Found a glowing golden altar of the Shining One.
  1969 | D:3      | Found a transporter.
  2023 | D:3      | Reached XP level 7. HP: 28/55 MP: 7/7
  2264 | D:3      | Reached skill level 5 in Long Blades
  2268 | D:3      | HP: 4/55 [poisoned by a scorpion]
  2719 | D:4      | Noticed Natasha
  2728 | D:4      | Killed Natasha
  2793 | D:4      | Noticed Natasha
  2879 | D:4      | Killed Natasha
  3046 | D:4      | Reached skill level 5 in Fighting
  3161 | D:4      | Found a burning altar of Makhleb.
  3161 | D:4      | Found a radiant altar of Vehumet.
  3193 | D:4      | Reached skill level 5 in Dodging
  3426 | D:4      | Noticed Natasha
  3429 | D:4      | Killed Natasha
  3618 | D:4      | Noticed Dowan
  3618 | D:4      | Noticed Duvessa
  4177 | D:5      | Entered Level 5 of the Dungeon
  4216 | D:5      | Found a staircase to the Ecumenical Temple.
  4285 | D:5      | Reached XP level 8. HP: 56/63 MP: 8/8
  4311 | D:5      | Found a hazy altar of Hepliaklqana.
  4346 | D:5      | Noticed a +0 hand axe
  4346 | D:5      | Noticed a +0 hand axe
  4348 | D:5      | Found a hide-covered altar of Uskayaw.
  4536 | D:5      | Found a transporter.
  4538 | D:5      | Noticed aheadsounds's ghost (weakling FeDe)
  4658 | D:5      | Found a bloodstained altar of Trog.
  4830 | D:5      | Reached skill level 6 in Long Blades
  4972 | D:5      | Found a shimmering altar of Xom.
  4974 | D:5      | Found a transporter.
  5139 | D:6      | Noticed Menkaure
  5206 | D:5      | HP: 4/64 [orc priest/nerve-wracking pain (6)]
  5214 | D:5      | HP: 5/64 [orc/+0 dagger (2)]
  5220 | D:5      | HP: 4/64 [orc/+0 dagger (2)]
  5533 | D:6      | Killed Menkaure
  5534 | D:6      | Reached skill level 6 in Fighting
  5591 | D:6      | Noticed Prince Ribbit
  5605 | D:6      | HP: 5/64 [poisoned by a water moccasin]
  5607 | D:6      | HP: 1/64 [poisoned by a water moccasin]
  5608 | D:5      | Succumbed to a water moccasin's poison

Vanquished Creatures
  Sigmund (D:2)
  Menkaure (D:6)
  3 scorpions
  A crimson imp (D:4)
  2 jellies
  4 orc priests
  2 hounds
  3 iguanas
  Natasha (thrice) (D:4)
  An orc wizard (D:5)
  13 adders
  5 dart slugs
  12 orcs
  7 bats
  8 endoplasms
  5 giant cockroaches
  6 hobgoblins
  7 jackals
  6 kobolds
  A quokka (D:4)
  5 ball pythons
  3 frilled lizards
  6 goblins
  3 rats
108 creatures vanquished.

Table legend: (Time is in decaauts)
 A = Elapsed time spent in this place.
 B = Non-inter-level travel time spent in this place.
 C = Inter-level travel time spent in this place.
 D = Time resting spent in this place.
 E = Time spent auto-exploring this place.
 F = Levels seen in this place.
 G = Mean time per level.
                   A        B        C        D        E       F      G
               +--------+--------+--------+--------+--------+-----+--------+
         Total |   5611 |   5511 |    100 |    411 |   4245 |   6 |  935.2 |
       Dungeon |   5611 |   5511 |    100 |    411 |   4245 |   6 |  935.2 |
               +--------+--------+--------+--------+--------+-----+--------+

Top non-repeatable levels by time:
     D:4: 1383 daAuts
     D:5: 1339 daAuts
     D:3: 1288 daAuts
     D:2: 809 daAuts
     D:1: 696 daAuts
     D:6: 94 daAuts

Table legend:
 A = Non-vault XP
 B = Vault XP
 C = Vault XP percentage of total XP
 D = Non-vault monster count
 E = Vault monster count
 F = Vault count percentage of total count
                 A         B        C        D         E       F
            +---------+---------+-------+---------+---------+-------
      Total |    1220 |     496 |  28.9 |     100 |       8 |   7.4
            +---------+---------+-------+---------+---------+-------
        D:1 |      46 |      13 |  22.0 |      16 |       4 |  20.0
        D:2 |     139 |     227 |  62.0 |      24 |       1 |   4.0
        D:3 |     280 |       0 |   0.0 |      20 |       0 |   0.0
        D:4 |     375 |      83 |  18.1 |      22 |       2 |   8.3
        D:5 |     339 |       0 |   0.0 |      17 |       0 |   0.0
        D:6 |      41 |     173 |  80.8 |       1 |       1 |  50.0
            +---------+---------+-------+---------+---------+-------
